Map: Neon Violet Square LE

Players

Reia - Winner!

  • Race: Zerg Zerg
  • League: Platinum
  • Spawn Location: 11:00

Rod

  • Race: Terran Terran
  • League: Platinum
  • Spawn Location: 5:00

VOD

Have the link to the VOD?

Description

I felt like I could've won before but I wasn't able to find attack opportunities.

Time

  • Played on: April 19, 2018, 8:30 p.m.
  • Length: 23:08
Show
View Real Time Build Order
Export as new Build Order

Reia Zerg - Winner!

Build Orders: Hatch First, Swarm Host 

Get SALT Encoding   

  12  0:03  Drone  
  13  0:13  Overlord  
  13  0:19  Drone  
  14  0:31  Drone x2  
  16  0:45  Drone  
  17  0:56  Hatchery  
  16  0:59  Drone  
  17  1:11  Drone  
  18  1:16  Drone  
  19  1:25  Extractor  
  18  1:26  Spawning Pool  
  18  1:32  Overlord  
  17  1:34  Drone  
  18  1:44  Drone  
  19  1:54  Drone  
  20  2:12  Queen x2  
  20  2:14  Zergling x4  
  26  2:16  Drone  
  27  2:27  Metabolic Boost  
  27  2:28  Drone x2  
  29  2:45  Drone  
  29  2:46  Drone x3  
  33  2:58  Overlord  
  33  3:02  Hatchery  
  32  3:07  Drone  
  32  3:08  Drone x2  
  35  3:24  Queen  
  35  3:26  Drone x4  
  41  3:27  Drone x2  
  41  3:31  Overlord  
  43  3:44  Zergling x2  
  43  3:46  Overlord  
  43  3:47  Overlord  
  44  3:56  Zergling x2  
  44  3:57  Zergling x14  
  52  4:10  Drone  
  52  4:11  Drone  
  52  4:12  Roach Warren  
  52  4:15  Queen  
  52  4:16  Drone x3  
  57  4:34  Overlord  
  57  4:43  Spore Crawler  
  57  4:44  Spore Crawler  
  55  4:50  Extractor  
  57  5:03  Roach  
  57  5:04  Roach x11  
  81  5:13  Pneumatized Carapace  
  81  5:32  Lair  
  81  5:38  Extractor  
  81  5:41  Evolution Chamber  
  79  5:45  Extractor  
  79  5:49  Extractor  
  77  5:52  Hatchery  
  77  5:57  Drone x3  
  77  5:58  Drone x2  
  77  5:59  Overlord  
  77  6:00  Overlord x5  
  77  6:03  Hatchery  
  80  6:20  Drone  
  80  6:21  Drone  
  80  6:22  Drone  
  83  6:34  Infestation Pit  
  83  6:39  Zerg Missile Weapons Level 1  
  82  6:40  Evolution Chamber  
  82  6:41  Drone x2  
  82  6:42  Drone x3  
  82  6:45  Drone x2  
  88  6:49  Drone  
  88  6:51  Roach x7  
  98  7:23  Hydralisk Den  
  98  7:25  Drone x5  
  98  7:26  Drone x3  
  98  7:29  Drone x3  
  109  7:30  Drone x7  
  109  7:31  Drone  
  116  7:51  Nydus Network  
  115  8:01  Zerg Ground Armor Level 1  
  115  8:03  Grooved Spines, Hydralisk  
  115  8:04  Hydralisk  
  119  8:08  Queen  
  121  8:17  Drone x5  
  121  8:18  Drone x5  
  121  8:19  Hydralisk  
  133  8:21  Overlord  
  133  8:22  Overlord x10  
  133  8:30  Overseer  
  133  8:45  Hydralisk  
  133  8:46  Hydralisk x5  
  145  8:53  Extractor x2  
  143  9:14  Drone, Muscular Augments  
  143  9:15  Drone x2  
  146  9:20  Drone  
  146  9:21  Drone x2, Extractor x2  
  146  9:23  Drone x2  
  149  9:29  Swarm Host x5  
  149  9:30  Swarm Host  
  167  9:48  Swarm Host x4  
  179  9:59  Hive  
  179  10:08  Swarm Host x3  
  188  10:24  Hydralisk  
  188  10:25  Hydralisk x4  
  175  11:11  Viper x5  
  176  11:26  Hydralisk x7  
  176  11:27  Hydralisk  
  192  11:52  Hydralisk  
  192  11:53  Hydralisk x3  
  192  11:54  Ultralisk Cavern  
  199  12:13  Overseer x3  
  199  12:14  Overseer  
  193  12:42  Hydralisk  
  193  12:43  Hydralisk x9  
  199  12:45  Zerg Missile Weapons Level 2, Zerg Ground Armor Level 2  
  163  12:54  Zergling x2  
  163  12:55  Zergling x40  
  182  13:04  Overlord x11  
  170  13:32  Hydralisk  
  170  13:33  Hydralisk x13  
  169  13:46  Hydralisk x8  
  169  13:47  Hydralisk  
  187  14:00  Hydralisk  
  187  14:01  Hydralisk x5  
  190  14:32  Hydralisk  
  190  14:33  Hydralisk x6  
  150  14:53  Hydralisk x2  
  150  14:54  Hydralisk x15  
  175  15:17  Hydralisk  
  175  15:18  Hydralisk x8  
  193  15:30  Hydralisk  
  193  15:31  Hydralisk x2  
  199  15:36  Zerg Missile Weapons Level 3  
  168  16:17  Hatchery  
  167  16:19  Extractor  
  167  16:20  Extractor  
  167  16:23  Hatchery  
  164  16:30  Hydralisk x3  
  138  16:47  Hydralisk x16  
  138  16:48  Hatchery, Extractor, Hydralisk  
  138  16:50  Extractor  
  167  17:07  Hydralisk  
  167  17:08  Hydralisk x5  
  150  17:28  Overlord  
  150  17:29  Overlord  
  150  17:31  Drone x3  
  150  17:32  Drone x3  
  150  17:35  Drone x3  
  150  17:36  Drone x3  
  162  17:38  Drone x6  
  162  17:39  Drone x7  
  175  17:45  Swarm Host x6  
  183  18:07  Ultralisk x2  
  183  18:30  Hydralisk  
  183  18:31  Hydralisk x7  
  197  18:39  Viper  
  172  18:49  Zergling x22  
  172  18:50  Zergling x22  
  184  19:04  Extractor  
  184  19:05  Hatchery  
  184  19:08  Extractor  
  179  19:10  Burrow  
  179  19:11  Zerg Ground Armor Level 3  
  155  19:18  Hydralisk  
  155  19:19  Zergling x8, Ultralisk  
  155  19:20  Zergling x26  
  175  19:33  Chitinous Plating, Zerg Melee Weapons Level 1  
  175  19:40  Viper x2  
  175  19:41  Viper  
  174  19:53  Hydralisk x9  
  175  20:17  Hydralisk  
  175  20:18  Hydralisk x11  
  186  20:33  Drone  
  186  20:34  Drone x3  
  188  20:49  Spire  
  187  21:03  Hatchery, Extractor  
  185  21:06  Extractor  
  185  21:07  Hydralisk  
  185  21:08  Hydralisk x6  
  173  21:46  Hydralisk x6  
  173  21:47  Hydralisk x12  
  149  21:48  Hydralisk x4  
  197  22:01  Corruptor x3  
  109  22:26  Zergling x2  
  109  22:27  Zergling x48  
  126  22:32  Corruptor  
  128  22:40  Drone x5  
Show
View Real Time Build Order
Export as new Build Order

Rod Terran 

Build Orders: Mech 

Get SALT Encoding   

  12  0:01  SCV  
  13  0:13  SCV  
  14  0:21  Supply Depot  
  14  0:25  SCV  
  15  0:36  Refinery  
  15  0:42  SCV  
  16  0:47  Barracks  
  16  0:54  SCV  
  17  1:06  SCV  
  18  1:15  Refinery  
  18  1:19  SCV  
  18  1:22  Supply Depot  
  19  1:31  SCV  
  20  1:35  Reaper  
  21  1:43  SCV  
  22  1:59  Orbital Command  
  22  2:13  Command Center  
  22  2:22  Barracks Reactor  
  22  2:24  SCV  
  23  2:37  SCV  
  24  2:38  Factory  
  24  2:49  SCV  
  25  2:56  Factory  
  25  3:04  SCV  
  26  3:05  Marine  
  27  3:16  SCV  
  28  3:23  Factory Tech Lab  
  28  3:24  Supply Depot  
  28  3:28  SCV  
  29  3:38  Supply Depot, Bunker  
  29  3:39  Supply Depot  
  29  3:40  Supply Depot  
  29  3:44  Supply Depot  
  29  3:52  SCV  
  30  3:56  Factory Reactor  
  30  4:00  Marine  
  31  4:04  SCV  
  32  4:15  Orbital Command  
  32  4:18  SCV  
  32  4:19  Marine x2  
  35  4:27  Siege Tank  
  35  4:30  SCV  
  39  4:42  SCV  
  40  4:55  SCV  
  40  5:01  Factory  
  40  5:03  Supply Depot  
  40  5:04  Engineering Bay  
  40  5:07  Armory, SCV x2  
  42  5:19  SCV x2  
  44  5:25  Siege Tank  
  47  5:31  SCV x2  
  47  5:32  Command Center  
  49  5:41  Missile Turret  
  49  5:43  SCV  
  49  5:44  Missile Turret, SCV  
  51  5:51  Refinery  
  51  5:53  Refinery  
  51  5:55  SCV  
  51  5:56  SCV  
  53  5:58  Factory Tech Lab  
  53  6:02  Armory  
  53  6:03  Terran Vehicle Weapons Level 1  
  53  6:05  Missile Turret  
  53  6:07  SCV  
  53  6:08  Missile Turret, SCV  
  55  6:18  Missile Turret  
  55  6:20  SCV  
  56  6:28  Thor x2  
  56  6:32  SCV  
  69  6:36  Missile Turret  
  69  6:37  Hellion x2  
  73  6:43  SCV  
  73  6:44  SCV  
  75  6:50  Orbital Command  
  75  6:56  SCV  
  75  6:57  Refinery  
  75  6:58  Refinery  
  76  7:04  SCV  
  77  7:11  Thor  
  83  7:15  Thor  
  83  7:16  SCV  
  83  7:18  Terran Vehicle And Ship Armor Level 1  
  90  7:28  Hellion x2  
  94  7:33  SCV  
  94  7:35  Supply Depot  
  95  7:45  SCV  
  95  7:49  Hellion x2  
  100  7:53  Supply Depot, Thor  
  100  7:58  Supply Depot, Thor  
  106  8:04  Factory  
  112  8:09  Factory  
  112  8:13  Hellion x2  
  112  8:15  Supply Depot  
  116  8:22  Command Center  
  116  8:24  Terran Vehicle Weapons Level 2  
  116  8:27  Supply Depot  
  116  8:33  SCV  
  117  8:36  Thor  
  123  8:56  Supply Depot x2, SCV  
  123  8:59  Factory Tech Lab  
  123  9:00  Factory Reactor  
  124  9:09  SCV  
  125  9:11  Thor  
  125  9:13  Hellion x2  
  135  9:18  Missile Turret  
  135  9:19  Thor  
  135  9:21  Missile Turret  
  141  9:25  Thor  
  147  9:33  Terran Vehicle And Ship Armor Level 2  
  147  9:34  Hellion x2  
  147  9:37  Supply Depot  
  151  9:40  Missile Turret, Supply Depot  
  151  9:54  Thor  
  157  10:01  Missile Turret  
  157  10:08  Missile Turret  
  157  10:27  Thor x2  
  175  10:28  Hellion x3  
  175  10:29  Hellion  
  175  10:31  Supply Depot  
  177  10:37  Thor  
  152  10:50  Hellion  
  152  10:55  Hellion x3  
  134  10:59  Terran Vehicle Weapons Level 3  
  128  11:09  SCV  
  128  11:10  Hellion x2  
  135  11:11  Hellion  
  135  11:16  Hellion  
  137  11:19  Thor  
  143  11:39  Planetary Fortress  
  139  11:49  Bunker  
  139  11:55  Thor x2  
  139  11:57  Hellion x4  
  159  12:02  Missile Turret, Thor  
  159  12:03  Supply Depot  
  165  12:09  Supply Depot  
  165  12:10  SCV  
  165  12:13  SCV  
  167  12:22  Refinery  
  167  12:25  SCV  
  167  12:27  Refinery  
  167  12:29  Missile Turret  
  160  12:37  Hellion x3  
  160  12:38  Hellion, Thor x2  
  150  12:54  Thor  
  150  12:58  Hellion x2  
  160  13:07  SCV  
  161  13:19  SCV  
  162  13:20  Hellion x4  
  162  13:21  Thor  
  162  13:22  Hellion  
  157  13:37  Hellion  
  151  13:41  Hellion  
  151  13:42  Hellion x3  
  159  14:13  Thor x3  
  159  14:15  Smart Servos  
  161  14:40  Infernal Pre-Igniter  
  161  14:43  Supply Depot  
  161  14:44  Supply Depot, Terran Vehicle And Ship Armor Level 3  
  143  14:47  Hellion x3  
  143  14:56  Thor x2  
  149  15:05  Thor  
  149  15:06  Hellion  
  157  15:08  Hellion x2  
  161  15:14  Orbital Command  
  149  16:03  Thor  
  149  16:04  Refinery x2, Thor x2  
  127  16:05  Hellion  
  121  16:25  Hellion x3  
  127  16:46  Thor, Terran Ship Weapons Level 1  
  127  16:47  Thor x2  
  133  16:50  Hellion x4  
  129  17:11  Hellion x4  
  137  17:18  Drilling Claws, Rapid Fire Launchers  
  137  17:29  Orbital Command, Thor x2  
  143  17:30  Thor  
  143  17:32  Hellion  
  143  17:33  Hellion  
  159  17:37  Hellion  
  159  17:39  Hellion  
  163  17:54  Hellion  
  165  17:59  Hellion x2  
  165  18:00  Hellion  
  163  18:12  Thor x3  
  169  18:15  Hellion  
  183  18:20  Hellion  
  151  18:38  Hellion x3  
  143  18:42  Hellion  
  133  18:55  Thor x3  
  139  18:59  Hellion x3  
  157  19:03  Hellion  
  151  19:20  Hellion  
  125  19:28  Hellion x2  
  123  19:32  Hellion  
  123  19:38  Thor x3  
  95  20:20  Thor  
  95  20:21  Thor x2  
  100  21:03  Thor x2  
  100  21:04  Thor  
  114  21:14  Hellion x4  
  114  21:15  Command Center  
  117  21:46  Thor x2  
  89  22:26  Orbital Command  
Tags
 
Add a new tag
Caveats
  • Supply blocks, unpowered buildings, or Contaminate may cause inaccurate times.
  • Supply counts are checked every 10 seconds.